 Dungeon Crawl Stone Soup version 0.31-a0-175-g9f7f995f2b (webtiles) character file.

Game seed: 14708131353512256892

123 olmar the Cudgeller (level 5, -1/46 HPs)
             Began as a Meteoran Fighter on June 18, 2023.
             Slain by a black bear (5 damage)
             ... on level 4 of the Dungeon.
             The game lasted 00:04:20 (840 turns).

olmar the Cudgeller (Meteoran Fighter)               Turns: 840, Time: 00:04:20

Health: -1/46      AC:  7    Str: 19    XL:     5   Next: 54%
Magic:  6/6        EV:  9    Int:  9    God:
Gold:   34         SH:  5    Dex: 14    Spells: 4/4 levels left

rFire   . . .        a - +0 flail
rCold   . . .        c - +0 buckler
rNeg    . . .        b - +0 scale mail
rPois   .            (no helmet)
rElec   .            (no cloak)
rCorr   .            (no gloves)
SInv    .            (no boots)
Will    .....        (no amulet) Stlth
                     (no ring)
HPRegen 0.27/turn    (no ring)
MPRegen 0.10/turn

%: no passive effects
@: glowing
A: sense surroundings 1, otherworldly, glowing, explore regen
a: no special abilities


You were on level 4 of the Dungeon.
You visited 1 branch of the dungeon, and saw 4 of its levels.

You collected 34 gold pieces.

Inventory:

Hand Weapons
 a - a +0 flail (weapon)
Missiles
 l - 7 poisoned darts
Armour
 b - a +0 scale mail (worn)
 c - a +0 buckler (worn)
Jewellery
 f - a +6 ring of intelligence
Scrolls
 j - a scroll of poison {unknown}
Potions
 d - a potion of curing {unknown}
 e - 3 potions of attraction
 h - a potion of degeneration {unknown}
 k - a potion of brilliance {unknown}


   Skills:
 + Level 4.2 Fighting
 + Level 4.7 Maces & Flails
 + Level 4.1 Armour
 + Level 1.0 Dodging
 + Level 4.2 Shields


You had 4 spell levels left.
You didn't know any spells.
Your spell library contained the following spells:

 Spells                   Type           Power      Damage    Failure   Level
 Sandblast                Erth           0%         2d4       83%         1
 Passwall                 Tmut/Erth      0%         N/A       92%         2
 Stone Arrow              Conj/Erth      0%         3d7       99%         3
 Lehudib's Crystal Spear  Conj/Erth      0%         10d2      100%        8
 Shatter                  Erth           0%         3d5*      100%        9


Dungeon Overview and Level Annotations

Branches:
Dungeon (4/15) Zot: 2123
 Temple: D:4-7

Altars:


Innate Abilities, Weirdness & Mutations

You passively map a small area around you.
You are easily found by Zot.
You glow in the dark.
You regain HP and MP as you explore.


Message History

The black bear claws you but does no damage.
Unknown command.
You hit the black bear.
The black bear is heavily wounded.
The black bear bites you. The black bear claws you.
You block the black bear's attack.
Unknown command.
You closely miss the black bear.
The black bear is heavily wounded.
The black bear bites you. The black bear closely misses you.
The black bear claws you.
Unknown command.
You hit the black bear but do no damage.
The black bear is heavily wounded.
The black bear barely misses you. The black bear closely misses you.
You block the black bear's attack.
You hit the black bear.
The black bear is severely wounded.
The black bear bites you. You block the black bear's attack.
The black bear claws you but does no damage.
Unknown command.
You hit the black bear.
The black bear is almost dead.
The black bear barely misses you. x2; You block the black bear's attack.
The black bear goes berserk!
Unknown command.
You barely miss the black bear.
The black bear is almost dead.
The black bear bites you. You block the black bear's attack.
The black bear claws you. The black bear bites you. The black bear misses you.
The black bear claws you.
* * * LOW HITPOINT WARNING * * *
Unknown command.
You hit the black bear.
The black bear is almost dead.
The black bear bites you!
* * * LOW HITPOINT WARNING * * *
The black bear claws you but does no damage.
The black bear claws you.
You die...

* ##... ,* ,
.... , , ,
.... , , , #..
,, , ** ... ,
*, *#.# * , *
* #.#, +
####,*, #<# #
*** * ..... ,*
#@#.# ,
#...####h#.# *
#.hl....ยง# *
, , #..)...###
* *,, #......#
, , #......#**
** *
*#..........#
*
.........###.#
* ,..........
,


You could see a black bear (berserk).

Vanquished Creatures
  The ghost of CowFu the Caller, a weakling GnSu (D:3)
  An iguana (D:4)
  The ghost of AwFulAwFulPlayer the Sneak, a weakling GrDe (D:3)
  A dart slug (D:2)
  2 orcs
  3 ball pythons
  3 bats
  3 endoplasms
  2 giant cockroaches (D:1)
  4 goblins (D:1)
  4 hobgoblins
  2 jackals (D:1)
  2 quokkas (D:3)
  A frilled lizard (D:1)
  5 kobolds
  3 rats
38 creatures vanquished.

Notes
Turn   | Place    | Note
-------+----------+-------------------------------------------
     0 | D:1      | olmar the Meteoran Fighter began the quest for the Orb.
     0 | D:1      | Reached XP level 1. HP: 19/19 MP: 2/2
    54 | D:1      | Reached XP level 2. HP: 10/26 MP: 3/3
   162 | D:1      | Reached XP level 3. HP: 30/33 MP: 4/4
   175 | D:1      | Got Cepraim's Notes on Lithomancy
   627 | D:3      | Found a runed translucent gate.
   628 | D:3      | Found a runed translucent gate.
   628 | D:3      | Found a runed translucent gate.
   631 | D:3      | Noticed CowFu's ghost (weakling GnSu)
   631 | D:3      | Noticed AwFulAwFulPlayer's ghost (weakling GrDe)
   637 | D:3      | Reached XP level 4. HP: 39/40 MP: 5/5
   648 | D:3      | Killed CowFu's ghost
   651 | D:3      | Killed AwFulAwFulPlayer's ghost
   652 | D:3      | Reached XP level 5. HP: 37/46 MP: 6/6
   817 | D:4      | Noticed a black bear
   829 | D:4      | Reached skill level 1 in Dodging
   840 | D:4      | Slain by a black bear

Illustrated notes

Levels and vault maps discovered:
D:1:      lightli_arrival_statue_moat, layout_rooms, basic_ecumenical_altar,
          nicolae_concentric_dashed_squares_mild
D:2:      layout_basic
D:3:      layout_loops_corners, gammafunk_ghost_cemetery
D:4:      cheibrodos_greedy_goblins, layout_basic, gup_sewer_entry_bowl,
          minmay_distorted

Skill      XL: |  1  2  3  4  5 |
---------------+----------------+-----
Maces & Flails | 3 4 |  4.7
Shields        | 4 |  4.2
Armour         | 4 |  4.1
Fighting       | 4 |  4.2
Dodging        | 1 |  1.0

Action                     |  1- 3 |  4- 6 || total
---------------------------+-------+-------++-------
  Melee: Flail             |   103 |    27 ||   130
    Use: Scroll            |     1 |     2 ||     3
         Potion            |       |     1 ||     1
 Armour: Scale mail        |    71 |    16 ||    87
  Dodge: Dodged            |    59 |    16 ||    75
  Block: Buckler           |    39 |    10 ||    49

Table legend: (Time is in decaauts)
 A = Elapsed time spent in this place.
 B = Non-inter-level travel time spent in this place.
 C = Inter-level travel time spent in this place.
 D = Time resting spent in this place.
 E = Time spent auto-exploring this place.
 F = Levels seen in this place.
 G = Mean time per level.
                   A        B        C        D        E       F      G
               +--------+--------+--------+--------+--------+-----+--------+
         Total |    875 |    875 |      0 |      0 |      0 |   4 |  218.8 |
       Dungeon |    875 |    875 |      0 |      0 |      0 |   4 |  218.8 |
               +--------+--------+--------+--------+--------+-----+--------+

Top non-repeatable levels by time:
     D:2: 311 daAuts
     D:3: 304 daAuts
     D:1: 225 daAuts
     D:4: 34 daAuts
